 Dungeon Crawl Stone Soup version 0.21-a0-394-gdc75ea7 (webtiles) character file.

2397 Monsterracer the Martial Artist (level 9, -7/62 HPs)
             Began as a Vampire Transmuter on Oct 18, 2017.
             Was a Believer of Okawaru.
             Mangled by a wyvern (14 damage)
             ... on level 8 of the Dungeon.
             The game lasted 00:12:45 (7238 turns).

Monsterracer the Martial Artist (VpTm)              Turns: 7238, Time: 00:12:46

Health: -7/62      AC:  5    Str:  9    XL:     9   Next: 22%
Magic:  16/22      EV: 14    Int: 18    God:    Okawaru [**....]
Gold:   263        SH:  0    Dex: 15    Spells: 3/14 levels left

rFire    . . .     SeeInvis +     - Unarmed
rCold    . . .     Gourm    .   (shield currently unavailable)
rNeg     + . .     Faith    .   h - +2 robe {MR+}
rPois    .         Spirit   .   (no helmet)
rElec    .         Reflect  .   (no cloak)
rCorr    .         Harm     .   (gloves currently unavailable)
MR       +....                  b - +0 pair of boots
Stlth    +.........             v - amulet of rage
HPRegen  0.20/turn              i - ring of wizardry
MPRegen  0.18/turn              l - ring of magical power

@: blade hands (expiring), very slightly contaminated
A: fangs 3, see invisible, unbreathing
a: Bat Form, End Transformation, Heroism, Renounce Religion, Evoke Berserk Rage


You were on level 8 of the Dungeon.
You worshipped Okawaru.
Okawaru was pleased with you.
You were not thirsty.
You had blades for hands.
You visited 2 branches of the dungeon, and saw 9 of its levels.

You collected 263 gold pieces.

Inventory:

Missiles
 a - 180 arrows
Armour
 b - a +0 pair of boots (worn)
 h - a +2 robe of magic resistance (worn)
 w - a cursed +0 ring mail
Jewellery
 i - a ring of wizardry (left scythe-like blade)
 l - a ring of magical power (right scythe-like blade)
 s - an uncursed ring of ice
 u - an uncursed amulet of magic regeneration {unknown}
 v - an amulet of rage (around neck)
 y - an uncursed amulet of regeneration {unknown}
Wands
 r - a wand of iceblast (3/15)
Scrolls
 g - 2 scrolls of fear
 k - 2 scrolls of fog
 o - 2 scrolls of recharging
 p - 2 scrolls of teleportation
Potions
 d - 8 potions of blood
 e - a potion of flight
 f - 3 potions of curing
 j - a potion of cancellation
 m - a potion of haste
 n - a potion of heal wounds
 q - a potion of invisibility
 t - a potion of brilliance {unknown}
 x - 2 potions of agility
 A - 2 potions of lignification {unknown}
Books
 c - a book of Changes

   Spells                             Type                      Level
   a - Beastly Appendage              Transmutation                1
   b - Sticks to Snakes               Transmutation                2
   c - Spider Form                    Transmutation/Poison         3
   d - Ice Form                       Ice/Transmutation            4
   e - Blade Hands                    Transmutation                5


   Skills:
 + Level 2.9 Fighting
 + Level 3.9 Dodging
 * Level 9.4 Unarmed Combat
 - Level 3.0 Spellcasting
 + Level 8.4 Transmutations
 + Level 2.3 Invocations


You had 3 spell levels left.
You knew the following spells:

 Your Spells              Type           Power        Failure   Level  Hunger
a - Beastly Appendage     Tmut           ####..       4%          1    None
b - Sticks to Snakes      Tmut           ####....     5%          2    ##.....
c - Spider Form           Tmut/Pois      ###.......   19%         3    ###....
d - Blade Hands           Tmut           ####......   26%         5    ######.


Dungeon Overview and Level Annotations

Branches:
Dungeon (8/15)             Temple (1/1) D:5
   Lair: D:8-11

Altars:
Ashenzari
Cheibriados
Dithmenos
Elyvilon
Fedhas
Gozag
Hepliaklqana
Kikubaaqudgha
Makhleb
Nemelex Xobeh
Okawaru
Qazlal
Ru
Sif Muna
Trog
Uskayaw
Vehumet
Wu Jian
Xom
Yredelemnul
Zin
The Shining One

Shops:
D:4 *   D:7 :


Innate Abilities, Weirdness & Mutations

You have razor-sharp teeth.
You have supernaturally acute eyesight. (SInv)
You can survive without breathing.


Message History

Found a scroll of enchant weapon.
The sentinel's mark upon you fades away.
You closely miss the orc. You hit the orc. You bite the orc.
You kill the orc!
Okawaru accepts your kill.
No target in view!
No target in view!
You see here a dagger of freezing.
You see here a scroll of enchant weapon.
Found a sparkling altar of Nemelex Xobeh.
Done exploring.
(D) Dungeon (T) Temple
Where to? (Enter - D:7 @ (x,y), ? - help)
What level of the Dungeon? (default 1, ? - help)
You see here a scroll of enchant weapon.
You see here a dagger of freezing.
You see here 10 stones.
There is a stone staircase leading down here.
You climb downwards.
Found 13 gold pieces.
There is a stone staircase leading up here.
Sorry, I don't know how to get there.
A killer bee comes into view.
Found a potion of might.
A killer bee is nearby!
A killer bee comes into view.
The killer bee barely misses you.
Casting: Blade Hands
Confirm with . or Enter, or press ? or * to list all spells.
Your hands turn into razor-sharp scythe blades.
The killer bee closely misses you. The killer bee stings you.
Damage: -8%(-5hp) hp: 92%(57hp)
You hit the killer bee but do no damage.
The killer bee stings you. The killer bee stings you!
You are poisoned.
The killer bee poisons you!
Damage: -14%(-9hp) hp: 78%(48hp)
You hit the killer bee but do no damage.
Your bite misses the killer bee.
You feel sick. The killer bee closely misses you. The killer bee stings you.
Damage: -7%(-4hp) hp: 71%(44hp)
You slash the killer bee!
The killer bee is almost dead.
The killer bee closely misses you.
You slice the killer bee!!
You kill the killer bee!
Okawaru accepts your kill.
You feel sick.
Damage: -1%(-1hp) hp: 70%(43hp)
A scorpion comes into view.
You feel sick.
Damage: -1%(-1hp) hp: 70%(43hp)
You feel sick.
Damage: -2%(-1hp) hp: 68%(42hp)
You slice the scorpion!!
You kill the scorpion!
Okawaru accepts your kill.
Your transformation is almost over.
You see here a scorpion corpse.
You start resting.
You feel sick. x2
Your hands revert to their normal proportions.
You feel sick.
You are no longer poisoned.
Damage: -2%(-1hp) hp: 68%(42hp)
You start resting.
Magic restored.
Unknown command.
You start resting.
HP restored.
Casting: Blade Hands
Confirm with . or Enter, or press ? or * to list all spells.
Your hands turn into razor-sharp scythe blades.
You start resting.
Your transformation is almost over.
Unknown command.
You start resting.
A wyvern comes into view.
Casting: Blade Hands
Confirm with . or Enter, or press ? or * to list all spells.
You miscast Blade Hands.
You are very lightly contaminated with residual magic.
You smell something strange.
The wyvern hisses angrily.
The wyvern bites you! x2
Huge Dmg: -40%(-25hp) hp: 60%(37hp)
You closely miss the wyvern. Your bite misses the wyvern. The wyvern bites you!
* * * LOW HITPOINT WARNING * * *
Huge Dmg: -24%(-15hp) hp: 36%(22hp)
You hit the wyvern.
The wyvern is lightly wounded.
The wyvern bites you.
* * * LOW HITPOINT WARNING * * *
Damage: -5%(-3hp) hp: 31%(19hp)
You slash the wyvern!
The wyvern is heavily wounded.
The wyvern bites you!
* * * LOW HITPOINT WARNING * * *
The wyvern bites you!
You die...

#.# . #.###.
#.##.. #.##.#
#.##.# #.##.#
#<##.####
#....l..#
####@##$###...
#†#...!....y
##..####....
##.# . ..#
###. .# .# ..


You could see a wyvern.

Vanquished Creatures
  Pikel (D:4)
  Sigmund (D:5)
  A spriggan (D:7)
  A wyvern (D:7)
  2 ice beasts (D:7)
  A sky beast (D:7)
  An ogre (D:4)
  A centaur (D:5)
  Blork the orc (D:4)
  A bullfrog (D:5)
  A big kobold (D:7)
  A scorpion (D:8)
  A killer bee (D:8)
  A howler monkey (D:7)
  A centaur zombie (D:7)
  A bullfrog zombie (D:7)
  A centaur skeleton (D:6)
  2 orc wizards
  A bullfrog skeleton (D:4)
  3 hounds
  3 iguanas
  7 worker ants
  A hound skeleton (D:7)
  A worker ant zombie (D:5)
  7 adders
  A shadow imp (D:5)
  An adder zombie (D:5)
  An adder skeleton (D:5)
  A worm (D:4)
  4 dart slugs
  4 leopard geckos
  6 orcs
  7 bats
  6 giant cockroaches
  6 goblins
  7 hobgoblins
  16 jackals
  4 quokkas
  2 ball pythons (D:1)
  6 frilled lizards
  10 kobolds
  A leopard gecko skeleton (D:3)
  6 rats
  A spectral orc (D:5)
133 creatures vanquished.

Vanquished Creatures (others)
  A slave (D:4)
  2 adders (D:4)
  An adder skeleton (D:4)
  A jackal (D:4)
5 creatures vanquished.

Grand Total: 138 creatures vanquished

Notes
Turn   | Place    | Note
-------+----------+-------------------------------------------
     0 | D:1      | Monsterracer the Vampire Transmuter began the quest for the Orb.
     0 | D:1      | Reached XP level 1. HP: 14/14 MP: 3/3
   432 | D:1      | Reached XP level 2. HP: 20/20 MP: 5/5
   438 | D:1      | HP: 10/20 [goblin (2)]
   454 | D:1      | Learned a level 2 spell: Sticks to Snakes
   566 | D:1      | HP: 10/20 [jackal (2)]
   573 | D:1      | HP: 8/20 [jackal (3)]
   869 | D:1      | Reached skill level 4 in Unarmed Combat
   919 | D:1      | Reached XP level 3. HP: 22/25 MP: 6/6
   924 | D:1      | Learned a level 3 spell: Spider Form
  1455 | D:2      | HP: 12/25 [poisoned by an adder]
  1461 | D:2      | HP: 9/25 [poisoned by an adder]
  1468 | D:2      | HP: 6/25 [poisoned by an adder]
  1475 | D:2      | HP: 5/25 [poisoned by an adder]
  1483 | D:2      | HP: 5/25 [poisoned by an adder]
  1888 | D:2      | Reached XP level 4. HP: 31/31 MP: 7/7
  2178 | D:3      | Found a blossoming altar of Fedhas.
  2215 | D:3      | Found a radiant altar of Vehumet.
  3026 | D:4      | Noticed an ogre
  3039 | D:4      | HP: 12/31 [ogre/giant spiked club (15)]
  3042 | D:4      | Killed an ogre
  3042 | D:4      | Reached skill level 5 in Unarmed Combat
  3042 | D:4      | Reached XP level 5. HP: 15/36 MP: 8/8
  3045 | D:4      | HP: 12/36 [orc/club (3)]
  3126 | D:4      | HP: 14/36 [adder (5)]
  3197 | D:4      | Reached skill level 5 in Transmutations
  3242 | D:4      | Noticed a slave
  3244 | D:4      | Noticed Pikel
  3245 | D:4      | Noticed a slave
  3246 | D:4      | Noticed a slave
  3252 | D:4      | HP: 16/36 [slave[Pikel] (6)]
  3255 | D:4      | HP: 6/36 [slave[Pikel] (7)]
  3258 | D:4      | Killed Pikel
  3258 | D:4      | Reached skill level 7 in Unarmed Combat
  3258 | D:4      | Reached XP level 6. HP: 4/42 MP: 9/9
  3258 | D:4      | Reached XP level 7. HP: 5/47 MP: 10/10
  3652 | D:4      | Found Xueleip's General Store.
  3791 | D:4      | Noticed Blork the orc
  3800 | D:4      | Killed Blork the orc
  3996 | D:5      | Entered Level 5 of the Dungeon
  4003 | D:5      | HP: 19/47 [centaur (8)]
  4006 | D:5      | Found a hide-covered altar of Uskayaw.
  4124 | D:5      | Found a snail-covered altar of Cheibriados.
  4124 | D:5      | Found a shimmering altar of Xom.
  4134 | D:5      | Found a glowing golden altar of the Shining One.
  4137 | D:5      | Found a white marble altar of Elyvilon.
  4137 | D:5      | Found a hazy altar of Hepliaklqana.
  4140 | D:5      | Found a shadowy altar of Dithmenos.
  4361 | D:5      | Found a staircase to the Ecumenical Temple.
  4373 | Temple   | Entered the Ecumenical Temple
  4479 | Temple   | Became a worshipper of Warmaster Okawaru
  4530 | D:5      | Reached XP level 8. HP: 39/53 MP: 11/11
  4639 | D:5      | Reached skill level 1 in Fighting
  4639 | D:5      | Reached skill level 8 in Unarmed Combat
  4823 | D:5      | Found a basalt altar of Yredelemnul.
  4922 | D:5      | Noticed Sigmund
  4934 | D:5      | Killed Sigmund
  4950 | D:5      | Learned a level 5 spell: Blade Hands
  5327 | D:6      | Found an opulent altar of Gozag.
  5923 | D:7      | Reached skill level 1 in Invocations
  6086 | D:7      | Reached * piety under Okawaru
  6090 | D:7      | HP: 26/56 [sky beast (5)]
  6092 | D:7      | Reached skill level 9 in Unarmed Combat
  6178 | D:7      | Found Femecau's Book Boutique.
  6595 | D:7      | Reached XP level 9. HP: 42/62 MP: 13/13
  6736 | D:7      | Reached ** piety under Okawaru
  6964 | D:7      | Found a sparkling altar of Nemelex Xobeh.
  7236 | D:8      | HP: 22/62 [wyvern (15)]
  7238 | D:8      | HP: 7/62 [wyvern (13)]
  7238 | D:8      | Mangled by a wyvern

Vault maps used:
D:1:      dpeg_arrival_renting, minmay_domino_4
D:3:      marbit_many_paths, fedhas_altar_1
D:4:      serial_shops, nicolae_shop_behind_doors, uniq_pikel,
          uniq_blork_the_orc
D:5:      yredelemnul_forgotten_temple_becter, eat_drink_and_be_merry_uskayaw,
          minitemple, minmay_temple_entry_hall, first_bread, kennysheep_boxes,
          uniq_sigmund
D:6:      nicolae_gozag_seed_capital
D:7:      lemuel_coloured_pillars_altar, serial_shops, shop, the_bakery
D:8:      serial_shops, shop_fountains
Temple:   zaba_magenta_temple

Skill      XL: |  1  2  3  4  5  6  7  8 |
---------------+-------------------------+-----
Transmutations | 3 4 6 7 8 |  8.4
Unarmed Combat | 4 5 7 9 |  9.4
Fighting       | 2 |  2.9
Invocations    | 2 |  2.3
Dodging        | 3 |  3.9
Spellcasting   | 3 |  3.0

Action                   |  1- 3 |  4- 6 |  7- 9 || total
-------------------------+-------+-------+-------++-------
Melee: Unarmed           |   168 |   101 |   230 ||   499
       Bite              |     9 |     2 |    22 ||    33
       Headbutt          |     2 |       |       ||     2
       Punch             |     1 |       |     6 ||     7
 Cast: Beastly Appendage |     4 |       |       ||     4
       Spider Form       |     1 |     5 |    13 ||    19
       Blade Hands       |       |       |     3 ||     3
  Use: Potion            |     9 |     9 |    17 ||    35
       Scroll            |       |    10 |     4 ||    14
 Stab: Sleeping          |     4 |     1 |     5 ||    10
  Eat: Corpse            |       |       |     1 ||     1
Armor: Robe              |    33 |    20 |    35 ||    88
       Skin              |     1 |     3 |     3 ||     7
Dodge: Dodged            |   121 |    89 |   138 ||   348

Table legend:
 A = Spawn XP
 B = Non-spawn XP
 C = Spawn XP percentage of total XP
 D = Spawn monster count
 E = Non-spawn monster count
 F = Spawn count percentage of total count
 G = Total turns spent on level
                    A         B        C        D         E        F      G
               +---------+---------+-------+---------+---------+-------+---------
         Total |       0 |    3425 |   0.0 |       0 |     133 |   0.0 |  7238
               +---------+---------+-------+---------+---------+-------+---------
           D:1 |       0 |      42 |   0.0 |       0 |      25 |   0.0 |  1099
           D:2 |       0 |      63 |   0.0 |       0 |      26 |   0.0 |  1079
           D:3 |       0 |      28 |   0.0 |       0 |      12 |   0.0 |   832
           D:4 |       0 |     999 |   0.0 |       0 |      18 |   0.0 |   986
           D:5 |       0 |     574 |   0.0 |       0 |      17 |   0.0 |   951
           D:6 |       0 |     275 |   0.0 |       0 |       8 |   0.0 |   745
           D:7 |       0 |    1306 |   0.0 |       0 |      25 |   0.0 |  1266
           D:8 |       0 |     138 |   0.0 |       0 |       2 |   0.0 |   155
               +---------+---------+-------+---------+---------+-------+---------

Vault maps used:
D:1:      dpeg_arrival_renting, minmay_domino_4
D:3:      marbit_many_paths, fedhas_altar_1
D:4:      serial_shops, nicolae_shop_behind_doors, uniq_pikel,
          uniq_blork_the_orc
D:5:      yredelemnul_forgotten_temple_becter, eat_drink_and_be_merry_uskayaw,
          minitemple, minmay_temple_entry_hall, first_bread, kennysheep_boxes,
          uniq_sigmund
D:6:      nicolae_gozag_seed_capital
D:7:      lemuel_coloured_pillars_altar, serial_shops, shop, the_bakery
D:8:      serial_shops, shop_fountains
Temple:   zaba_magenta_temple
